Map: [ESL] Dragon Scales

Players

goblin

  • Race: Protoss Protoss
  • Spawn Location: 5:00

HeroMarine - Winner!

  • Race: Terran Terran
  • Spawn Location: 11:00

Event: ESL SC2 Masters 2023 Summer (Regionals)

VOD

Have the link to the VOD?

Description

Time

  • Played on: May 7, 2023, 10:58 a.m.
  • Length: 9:36

All games in this series

Show
View Real Time Build Order
Export as new Build Order

goblin Protoss 

Build Orders: 1 Gate Expand, Phoenix Opening 

Get SALT Encoding   

  12  0:00  Probe  
  13  0:12  Probe  
  14  0:19  Pylon  
  14  0:24  Probe (Chrono Boost)  
  15  0:38  Probe (Chrono Boost), Gateway  
  16  0:45  Probe (Chrono Boost)  
  16  0:46  Assimilator  
  17  0:52  Probe  
  18  1:04  Probe  
  19  1:16  Probe  
  20  1:25  Cybernetics Core  
  20  1:34  Nexus  
  20  1:37  Probe  
  21  1:45  Pylon  
  21  1:49  Probe  
  22  1:55  Assimilator  
  23  2:01  Probe (Chrono Boost), Stalker (Chrono Boost)  
  24  2:13  Probe (Chrono Boost)  
  25  2:19  Probe (Chrono Boost)  
  26  2:23  Adept  
  28  2:32  Stargate  
  28  2:34  Probe  
  29  2:43  Warp Gate  
  29  2:46  Shield Battery  
  29  2:47  Probe  
  29  2:48  Probe  
  31  2:58  Stalker  
  33  2:59  Probe  
  33  3:00  Probe  
  35  3:09  Probe  
  35  3:11  Probe  
  37  3:15  Phoenix (Chrono Boost)  
  37  3:18  Probe  
  37  3:19  Assimilator  
  39  3:23  Probe  
  39  3:26  Probe  
  41  3:33  Pylon  
  42  3:35  Probe  
  41  3:43  Probe  
  41  3:48  Probe  
  41  3:50  Phoenix (Chrono Boost)  
  41  3:55  Probe  
  41  4:00  Probe  
  42  4:07  Probe  
  42  4:08  Phoenix (Chrono Boost)  
  45  4:13  Twilight Council  
  45  4:17  Probe  
  45  4:18  Pylon  
  45  4:22  Probe, Gateway  
  47  4:28  Gateway  
  47  4:29  Probe  
  48  4:32  Phoenix  
  48  4:34  Probe  
  51  4:39  Adept  
  51  4:42  Probe  
  54  4:47  Probe, Charge (Chrono Boost)  
  55  4:55  Probe  
  55  4:59  Probe, Pylon  
  57  5:00  Phoenix  
  57  5:04  Stalker  
  61  5:13  Pylon  
  61  5:19  Stalker  
  63  5:24  Probe, Pylon  
  63  5:25  Phoenix (Chrono Boost)  
  66  5:42  Adept x2  
  62  5:43  Stalker  
  62  5:47  Phoenix (Chrono Boost)  
  66  5:53  Pylon, Gateway  
  66  6:04  Pylon  
  62  6:07  Zealot, Stalker x2  
  68  6:17  Phoenix  
  70  6:25  Gateway  
  70  6:26  Gateway  
  70  6:30  Zealot x3  
  76  6:46  Phoenix  
  78  6:55  Zealot x4  
  78  6:58  Nexus  
  87  7:01  Probe x2, Pylon  
  70  7:22  Phoenix (Chrono Boost)  
  70  7:27  Zealot x5, Robotics Facility  
  70  7:29  Sentry  
  84  7:33  Probe x2  
  86  7:42  Phoenix  
  88  7:52  Zealot  
  88  7:53  Zealot x3  
  96  8:03  Zealot x2  
  100  8:08  Pylon  
  100  8:09  Probe, Pylon  
  100  8:10  Probe  
  102  8:15  Probe  
  102  8:16  Forge  
  102  8:17  Probe, Observer (Chrono Boost)  
  104  8:21  Phoenix  
  107  8:30  Observer (Chrono Boost)  
  74  8:45  Zealot x4  
  74  8:46  Zealot x2  
  82  8:49  Phoenix (Chrono Boost)  
  84  9:06  Zealot x6  
  96  9:11  Phoenix (Chrono Boost)  
  59  9:31  Zealot x5  
Show
View Real Time Build Order
Export as new Build Order

HeroMarine Terran - Winner!

Build Orders:  

Get SALT Encoding   

  12  0:00  SCV  
  13  0:12  SCV  
  14  0:16  Supply Depot  
  14  0:24  SCV  
  15  0:38  SCV  
  15  0:40  Barracks  
  15  0:42  Refinery  
  16  0:50  SCV  
  16  0:52  Refinery  
  17  1:02  SCV  
  18  1:14  SCV  
  19  1:27  Orbital Command, Reaper  
  20  1:39  Factory  
  20  1:47  Supply Depot  
  20  1:53  SCV  
  21  1:59  Barracks Reactor  
  21  2:05  SCV  
  22  2:15  Command Center  
  22  2:17  SCV  
  23  2:23  Hellion  
  23  2:29  SCV  
  26  2:34  Supply Depot  
  28  2:38  Reaper x2  
  28  2:42  SCV  
  29  2:46  Hellion  
  31  2:56  SCV  
  32  3:02  Starport  
  32  3:08  Widow Mine  
  32  3:09  SCV  
  32  3:10  Marine x2  
  37  3:21  SCV  
  38  3:27  Marine  
  38  3:28  Marine  
  38  3:33  SCV  
  41  3:41  Viking  
  41  3:42  Factory Tech Lab  
  41  3:45  SCV, Marine x2  
  42  3:59  Orbital Command  
  42  4:00  SCV  
  42  4:02  Cyclone  
  44  4:03  Marine x2  
  44  4:07  Supply Depot  
  46  4:11  Medivac  
  46  4:13  SCV  
  49  4:21  Marine x2  
  51  4:25  SCV  
  51  4:26  SCV, Supply Depot  
  53  4:34  Cyclone  
  53  4:38  SCV x2  
  57  4:39  Marine x2  
  57  4:42  Supply Depot  
  57  4:43  Viking  
  62  4:50  SCV  
  62  4:51  SCV  
  64  4:56  Marine  
  64  4:57  Marine  
  65  5:02  SCV  
  65  5:03  SCV  
  67  5:07  Cyclone  
  67  5:12  Command Center  
  70  5:14  SCV, Marine x2  
  70  5:15  SCV  
  70  5:16  Starport Tech Lab  
  70  5:20  Supply Depot  
  74  5:26  SCV  
  74  5:27  SCV  
  76  5:29  Barracks  
  76  5:32  Marine x2  
  75  5:38  SCV  
  75  5:39  SCV  
  75  5:42  Siege Tank  
  77  5:43  Raven  
  77  5:50  Marine x2, SCV  
  77  5:51  SCV  
  77  5:52  Barracks  
  81  6:03  SCV x2  
  79  6:04  Engineering Bay  
  79  6:05  Refinery  
  79  6:08  Marine x2  
  80  6:18  SCV x2  
  80  6:19  Barracks  
  80  6:21  Barracks  
  79  6:26  Marine x2  
  79  6:27  Orbital Command  
  79  6:30  SCV, Starport Reactor  
  79  6:31  Terran Infantry Weapons Level 1  
  82  6:33  Factory Reactor  
  82  6:36  Missile Turret  
  83  6:40  Stimpack  
  83  6:42  Missile Turret  
  83  6:43  Marine x2  
  83  6:44  SCV  
  80  6:50  Marine x2  
  81  6:58  Supply Depot  
  81  7:00  Supply Depot  
  81  7:01  Marine x2, Combat Shield  
  80  7:02  Missile Turret  
  80  7:07  SCV, Refinery  
  80  7:08  SCV x2, Marine  
  83  7:14  Marine  
  83  7:15  Marine  
  71  7:24  Marine x2  
  71  7:29  Marauder x2  
  73  7:30  Widow Mine, Medivac x2  
  73  7:31  Widow Mine  
  73  7:32  SCV x2  
  73  7:34  Orbital Command, Barracks Reactor, Barracks Tech Lab  
  83  7:42  Marine x2  
  83  7:44  SCV x2  
  86  7:50  Marauder x2  
  91  7:57  Marauder, Concussive Shells  
  95  8:00  Marine x2  
  95  8:05  Widow Mine x2, Engineering Bay, Armory  
  99  8:11  Marauder  
  99  8:12  Marauder  
  102  8:13  SCV x2  
  102  8:19  Marauder  
  107  8:21  Marine x2  
  107  8:22  Marine  
  107  8:23  Orbital Command  
  107  8:25  Supply Depot  
  107  8:27  Supply Depot  
  109  8:32  SCV x2, Supply Depot  
  109  8:34  Marauder  
  108  8:38  Marauder  
  108  8:40  Marauder  
  105  8:44  SCV x2  
  105  8:45  Marine x4  
  105  8:47  Widow Mine x2  
  113  8:55  Marauder  
  114  8:59  Marine  
  114  9:01  Marine  
  114  9:02  SCV  
  114  9:03  Marine x2, Missile Turret  
  114  9:05  SCV x2  
  118  9:12  Marine x2  
  118  9:14  SCV  
  118  9:16  Marine  
  122  9:17  Marine  
  122  9:18  SCV x2  
Tags
 
Add a new tag
Caveats
  • Supply blocks, unpowered buildings, or Contaminate may cause inaccurate times.
  • Supply counts are checked every 10 seconds.